 Dungeon Crawl Stone Soup version 0.30.1-11-g7821555f0a (webtiles) character file.

Game seed: 1965516409916430730

411 SacredBeard the Grave Robber (level 6, -5/46 HPs)
             Began as a Demonspawn Necromancer on Nov 18, 2023.
             Slain by an ogre
             ... wielding a +0 giant club
              (24 damage)
             ... on level 4 of the Dungeon.
             The game lasted 00:07:44 (5045 turns).

SacredBeard the Grave Robber (DsNe)                 Turns: 5045, Time: 00:07:45

Health: -5/46      AC:  5    Str:  8    XL:     6   Next: 58%
Magic:  3/9        EV: 11    Int: 19    God:
Gold:   273        SH:  0    Dex: 13    Spells: 8/9 levels left

rFire   . . .        n - +4 short sword (venom)
rCold   . . .        (no shield)
rNeg    . . .        m - +0 leather armour
rPois   .            f - +0 helmet
rElec   .            (no cloak)
rCorr   .            (no gloves)
SInv    .            (no boots)
Will    .....        (no amulet)
Stlth   ++           (no ring)
HPRegen 0.27/turn    (no ring)
MPRegen 0.11/turn

%: no passive effects
@: no status effects
A: hooves 1, sharp scales 1
a: no special abilities


You were on level 4 of the Dungeon.
You visited 1 branch of the dungeon, and saw 5 of its levels.

You collected 273 gold pieces.

Inventory:

Hand Weapons
 h - a +1 whip of electrocution
 n - a +4 short sword of venom (weapon)
Missiles
 i - 27 stones
 v - 8 poisoned darts
Armour
 f - a +0 helmet (worn)
 m - a +0 leather armour (worn)
 q - a +0 buckler
Scrolls
 a - a scroll of summoning {unknown}
 c - a scroll of fog {unknown}
 d - a scroll of blinking {unknown}
 g - 2 scrolls of magic mapping {unknown}
 k - a scroll of amnesia {unknown}
 l - 2 scrolls of immolation {unknown}
 o - 2 scrolls of teleportation {unknown}
 w - a scroll of identify {unknown}
 y - a scroll of enchant weapon {unknown}
Potions
 b - a potion of magic
 e - 2 potions of curing {unknown}
 p - 3 potions of heal wounds {unknown}
 r - a potion of berserk rage {unknown}
 s - a potion of invisibility {unknown}
 t - a potion of might {unknown}
 u - a potion of mutation {unknown}
 x - a potion of resistance {unknown}
 z - 2 potions of haste {unknown}


   Skills:
 + Level 2.7 Fighting
 - Level 2.0 Throwing
 - Level 2.0 Armour
 - Level 2.0 Dodging
 - Level 3.0 Stealth
 - Level 2.0 Spellcasting
 * Level 6.4 Necromancy


You had 8 spell levels left.
You knew the following spells:

 Your Spells              Type           Power      Damage    Failure   Level
a - Necrotise             Necr           100%       1d9       1%          1

Your spell library contained the following spells:

 Spells                   Type           Power      Damage    Failure   Level
 Vampiric Draining        Necr           26%        2d7       4%          3
 Animate Dead             Necr           26%        N/A       17%         4
 Freeze                   Ice            4%         1d3       24%         1
 Agony                    Necr           26%        N/A       43%         5
 Frozen Ramparts          Ice            2%         1d1       56%         3
 Hailstorm                Conj/Ice       1%         3d3       56%         3


Dungeon Overview and Level Annotations

Branches:
Dungeon (5/15) Zot: 24952
 Temple: D:4-7

Altars:
Makhleb
Yredelemnul


Innate Abilities, Weirdness & Mutations

You have large cloven feet.
You are partially covered in razor-sharp scales. (AC +1, Slay +1)


Message History

Casting: Necrotise (safe; 1% risk of failure)
Confirm with . or Enter, or press ? or * to list all spells.
Aiming: Necrotise (safe; 1% risk of failure)
Press: ? - help, Shift-Dir - straight line, f - ogre
Aim: an ogre, wielding a +0 giant club (chance to affect: 83%)
The ogre writhes in agony.
Unknown command.
Casting: Necrotise (safe; 1% risk of failure)
Confirm with . or Enter, or press ? or * to list all spells.
Aiming: Necrotise (safe; 1% risk of failure)
Press: ? - help, Shift-Dir - straight line, f/p - ogre
Aim: an ogre, wielding a +0 giant club (moderately wounded, chance to affect: 83%)
The ogre writhes in agony!
The ogre barely misses you.
Casting: Necrotise (safe; 1% risk of failure)
Confirm with . or Enter, or press ? or * to list all spells.
Aiming: Necrotise (safe; 1% risk of failure)
Press: ? - help, Shift-Dir - straight line, f/p - ogre
Aim: an ogre, wielding a +0 giant club (heavily wounded, chance to affect: 83%)
The ogre writhes in agony.
The ogre closely misses you.
Casting: Necrotise (safe; 1% risk of failure)
Confirm with . or Enter, or press ? or * to list all spells.
Aiming: Necrotise (safe; 1% risk of failure)
Press: ? - help, Shift-Dir - straight line, f/p - ogre
Aim: an ogre, wielding a +0 giant club (heavily wounded, chance to affect: 83%)
The ogre barely resists.
Casting: Necrotise (safe; 1% risk of failure)
Confirm with . or Enter, or press ? or * to list all spells.
Aiming: Necrotise (safe; 1% risk of failure)
Press: ? - help, Shift-Dir - straight line, f/p - ogre
Aim: an ogre, wielding a +0 giant club (heavily wounded, chance to affect: 83%)
The ogre writhes in agony.
The ogre barely misses you.
Casting: Necrotise (safe; 1% risk of failure)
Confirm with . or Enter, or press ? or * to list all spells.
Aiming: Necrotise (safe; 1% risk of failure)
Press: ? - help, Shift-Dir - straight line, f/p - ogre
Aim: an ogre, wielding a +0 giant club (severely wounded, chance to affect: 83%)
The ogre barely resists.
The ogre hits you with a +0 giant club!!
Ouch! That really hurt!
You die...

#.#......# #.# #..
#.#.####.# #.# #..
#.#.####.# #.# #..
#........# #.# #..
#.#.###### #.# #..
#.#.# #.####..
#.#.# #.......
#.#.#############..
#.@O.......######..
#.#.######.........
#......##..........
###.##.##.######..#
#.##.##.# #..#
#.##.##.# #...
##.##.##.######..#
#............##.##
#...............#


You could see an ogre.

Vanquished Creatures
  Menkaure (D:4)
  A scorpion (D:4)
  A scorpion zombie (D:4)
  An iguana (D:4)
  A hound zombie (D:4)
  3 gnolls
  4 adders
  2 adder zombies (D:4)
  A worm (D:4)
  2 dart slugs (D:2)
  3 orcs (D:4)
  11 ball pythons
  8 bats
  6 endoplasms
  5 giant cockroaches
  8 goblins
  7 hobgoblins
  2 jackals (D:1)
  7 kobolds
  3 quokkas
  4 frilled lizards
  A quokka zombie (D:4)
  6 rats
88 creatures vanquished.

Notes
Turn   | Place    | Note
-------+----------+-------------------------------------------
     0 | D:1      | SacredBeard the Demonspawn Necromancer began the quest for
                  | the Orb.
     0 | D:1      | Reached XP level 1. HP: 13/13 MP: 3/3
   153 | D:1      | Gained mutation: You are partially covered in razor-sharp
                  | scales. (AC +1, Slay +1) [demonic ancestry]
   153 | D:1      | Reached XP level 2. HP: 20/20 MP: 3/5
   758 | D:1      | Gained mutation: You have large cloven feet. [demonic
                  | ancestry]
   758 | D:1      | Reached XP level 3. HP: 25/25 MP: 4/6
   771 | D:1      | Reached skill level 1 in Fighting
   771 | D:1      | Reached skill level 1 in Armour
   838 | D:1      | Found a faded altar of an unknown god.
  1801 | D:2      | Reached skill level 5 in Necromancy
  2028 | D:2      | Reached XP level 4. HP: 24/32 MP: 1/7
  3116 | D:3      | Found a burning altar of Makhleb.
  3465 | D:3      | You fall into a shaft and drop 1 floor!
  3928 | D:4      | Reached skill level 1 in Throwing
  3928 | D:4      | Reached XP level 5. HP: 26/37 MP: 3/8
  4086 | D:4      | Found a basalt altar of Yredelemnul.
  4187 | D:4      | Noticed Menkaure
  4197 | D:4      | Killed Menkaure
  4198 | D:4      | Reached skill level 6 in Necromancy
  4198 | D:4      | Reached XP level 6. HP: 8/44 MP: 9/9
  5037 | D:5      | Entered Level 5 of the Dungeon
  5045 | D:4      | Slain by an ogre

Illustrated notes

Levels and vault maps discovered:
D:1:      nicolae_arrival_memento_mori, layout_basic,
          shapermc_ecumenical_altar_totnotflames
D:2:      layout_loops_corners, serial_bayou_pond_a, kennysheep_nondescript,
          grunt_ministairs_3, minmay_cupped
D:3:      layout_loops_corners, mainiacjoe_overflow_brackets
D:4:      layout_loops_ring, nicolae_yredelemnul_corpse_copse,
          portal_sewer_entry_e, minmay_misc_feat_doors, uniq_menkaure
D:5:      minmay_angry_zag, layout_cave_pools, lemuel_doored_altar,
          mainiacjoe_overflow_paths, okawaru_gym_becter

Skill      XL: |  1  2  3  4  5  6 |
---------------+-------------------+-----
Stealth        | 2 3 |  3.0
Dodging        | 2 |  2.0
Fighting       | 1 2 |  2.7
Armour         | 1 2 |  2.0
Necromancy     | 5 6 |  6.4
Throwing       | 1 2 |  2.0
Spellcasting   | |  2.0

Action                     |  1- 3 |  4- 6 || total
---------------------------+-------+-------++-------
  Melee: Whip              |     9 |     1 ||    10
         Short sword       |       |    36 ||    36
         Kick              |       |    11 ||    11
   Cast: Necrotise         |    79 |    80 ||   159
   Stab: Sleeping          |       |     1 ||     1
 Armour: Robe              |     5 |       ||     5
         Leather armour    |     1 |    17 ||    18
  Dodge: Dodged            |    19 |    25 ||    44
